 Dungeon Crawl Stone Soup version 0.21.1-1-g345015f (webtiles) character file.

15939 infcreate the Severer (level 12, 0/106 HPs)
             Began as a Minotaur Fighter on May 6, 2018.
             Was a High Priest of Trog.
             Killed from afar by an oklob plant (8 damage)
             ... with a splash of acid
             ... on level 3 of the Lair of Beasts.
             The game lasted 01:00:45 (10553 turns).

infcreate the Severer (Minotaur Fighter)           Turns: 10553, Time: 01:00:45

Health: 0/106      AC: 14    Str: 26    XL:     12   Next: 5%
Magic:  11/11      EV:  8    Int:  3    God:    Trog [*****.]
Gold:   686        SH: 13    Dex: 10    Spells: 11/11 levels left

rFire    . . .     SeeInvis .   a - +2 war axe
rCold    . . .     Gourm    +   c - +0 shield
rNeg     . . .     Faith    .   e - +0 chain mail
rPois    .         Spirit   .   (helmet restricted)
rElec    .         Reflect  .   J - +0 cloak
rCorr    .         Harm     .   I - +2 pair of gloves
MR       +....                  E - +0 pair of boots
Stlth    ..........             i - amulet of the gourmand
HPRegen  0.27/turn              w - +6 ring of slaying
MPRegen  0.12/turn              u - ring of protection from magic

@: corroded
A: retaliatory headbutt, horns 2, dopey 1
a: Berserk, Trog's Hand, Brothers in Arms, Burn Spellbooks, Renounce Religion


You were on level 3 of the Lair of Beasts.
You worshipped Trog.
Trog was extremely pleased with you.
You were not hungry.

You visited 2 branches of the dungeon, and saw 11 of its levels.

You collected 686 gold pieces.

Inventory:

Hand Weapons
 a - a +2 war axe (weapon)
Armour
 c - a +0 shield (worn)
 e - a +0 chain mail (worn)
 E - a +0 pair of boots (worn)
 I - a +2 pair of gloves (worn)
 J - a +0 cloak (worn)
Jewellery
 g - an uncursed ring of fire
 i - an amulet of the gourmand (around neck)
 s - an uncursed ring of flight
 u - a ring of protection from magic (right hand)
 w - a +6 ring of slaying (left hand)
 C - an uncursed ring of see invisible
 L - an uncursed amulet of guardian spirit {unknown}
Wands
 r - a wand of polymorph (30)
Scrolls
 b - a scroll of summoning {unknown}
 h - 2 scrolls of fog
 j - 3 scrolls of magic mapping
 k - 7 scrolls of teleportation
 l - a scroll of immolation
 n - a scroll of noise {unknown}
 o - 4 scrolls of remove curse
 p - 4 scrolls of fear
 t - 3 scrolls of enchant weapon
 y - a scroll of blinking {unknown}
 z - 2 scrolls of amnesia
 D - a scroll of silence {unknown}
 F - a scroll of brand weapon {unknown}
 G - 6 scrolls of identify
 K - a scroll of enchant armour {unknown}
Potions
 d - 6 potions of might
 m - 4 potions of heal wounds
 q - 2 potions of flight
 v - a potion of ambrosia {unknown}
 x - 3 potions of degeneration {unknown}
 A - 4 potions of curing {unknown}
 B - a potion of mutation {unknown}
 H - a potion of haste {unknown}
Comestibles
 f - 18 rations


   Skills:
 + Level 10.1 Fighting
 + Level 15.0 Axes
   Level 1.3(10.2) Maces & Flails
 + Level 10.9 Armour
 + Level 11.3 Shields


You had 11 spell levels left.
You didn't know any spells.

Dungeon Overview and Level Annotations

Branches:
Dungeon (8/15)             Temple (0/1) D:7            Lair (3/6) D:8
 Shoals (0/4) Lair:3        Snake (0/4) Lair:3

Altars:
Ashenzari
Dithmenos
Fedhas
Gozag
Kikubaaqudgha
Qazlal
Ru
Trog
Uskayaw
Xom

Shops:
D:5 %

Annotations:
D:8 1 runed door
Lair:3 exclusion: 2 oklob plants


Innate Abilities, Weirdness & Mutations

You reflexively headbutt those who attack you in melee.
You have a pair of horns on your head.
You are dopey. (Int -2)


Message History

The oklob plant spits acid at you. The splash of acid hits you!
* * * LOW HITPOINT WARNING * * *
You are splashed with acid!
The acid burns!
* * * LOW HITPOINT WARNING * * *
You feel much better. The oklob plant spits acid at you.
The splash of acid hits you! The acid corrodes you!
You are splashed with acid!
The acid burns!
* * * LOW HITPOINT WARNING * * *
You see here 20 arrows.
Unknown command.
The oklob plant spits acid at you. The splash of acid hits you!
* * * LOW HITPOINT WARNING * * *
You are splashed with acid!
The acid burns!
* * * LOW HITPOINT WARNING * * *
The oklob plant spits acid at you. The splash of acid hits you!
You die...

###### #P(.$# #"[(P#
#)$.$# ## #$$?(# ###
#.##PP..###.### ####
#......@.....####.P###
#.#....#....<........#
##.#..#####......##..###
#...#.#########.#.##.#.#
##.#.............###..###
###
#.###............##.#.#.
##.#
##..###..#..#..##........
...# #.(##
#.............##### ##.#
#..####<....P.......#####


You could see 2 oklob plants.

Vanquished Creatures
  2 two-headed ogres (D:8)
  The ghost of troglodite the Skirmisher, a novice DsBe of Trog (D:8)
  An oklob plant (Lair:3)
  4 black mambas (Lair:1)
  The ghost of cultivahabas the Ruffian, a novice TrMo (D:5)
  A spiny frog (Lair:2)
  2 rime drakes
  Prince Ribbit (D:8)
  2 hippogriffs
  Grinder (D:5)
  27 yaks
  A naga (Lair:3)
  Edmund (D:4)
  10 water moccasins
  A porcupine (Lair:2)
  Duvessa (D:5)
  An orc warrior (D:6)
  An ice beast (D:6)
  3 sky beasts
  A black bear (Lair:2)
  2 ogres
  A phantom (D:5)
  12 wolves
  4 centaurs
  8 crocodiles
  2 big kobolds (D:8)
  13 bullfrogs
  Dowan (D:5)
  A wyvern skeleton (D:7)
  2 scorpions
  A water moccasin skeleton (D:6)
  7 wights
  A crimson imp (D:5)
  A quasit (D:8)
  A jelly (D:8)
  4 orc priests
  A bullfrog skeleton (D:7)
  5 orc wizards
  Jessica (D:2)
  3 iguanas
  Natasha (twice) (D:4)
  5 worker ants
  2 hound zombies (D:6)
  3 gnolls (D:6)
  13 adders
  2 shadow imps
  An ooze (D:1)
  3 adder zombies
  An adder skeleton (D:8)
  4 worms (D:3)
  A dart slug (D:1)
  2 leopard geckos
  27 orcs
  A ball python (D:3)
  7 giant cockroaches
  7 goblins
  11 hobgoblins
  10 jackals
  A quokka (D:3)
  A ball python skeleton (D:4)
  12 bats
  8 frilled lizards
  19 kobolds
  3 quokka skeletons
  A quokka zombie (D:8)
  9 rats
  A fungus (Lair:2)
  2 plants (Lair:3)
293 creatures vanquished.

Vanquished Creatures (others)
  2 fungi (Lair:3)
  3 plants (Lair:3)
5 creatures vanquished.

Grand Total: 298 creatures vanquished

Notes
Turn   | Place    | Note
-------+----------+-------------------------------------------
     0 | D:1      | infcreate the Minotaur Fighter began the quest for the Orb.
     0 | D:1      | Reached XP level 1. HP: 19/19 MP: 0/0
   248 | D:1      | Reached XP level 2. HP: 26/27 MP: 1/1
   724 | D:1      | Reached skill level 3 in Axes
   724 | D:1      | Reached XP level 3. HP: 29/33 MP: 2/2
   866 | D:2      | Found a blossoming altar of Fedhas.
   960 | D:2      | Found a shimmering altar of Xom.
   970 | D:2      | Found an opulent altar of Gozag.
  1037 | D:2      | Noticed Jessica
  1043 | D:2      | Killed Jessica
  1043 | D:2      | Reached XP level 4. HP: 34/40 MP: 3/3
  1146 | D:2      | Found a sacrificial altar of Ru.
  1387 | D:3      | Reached skill level 4 in Axes
  1611 | D:3      | Found a bloodstained altar of Trog.
  1626 | D:3      | Became a worshipper of Trog the Wrathful
  2044 | D:4      | Reached XP level 5. HP: 46/46 MP: 4/4
  2087 | D:4      | Noticed Edmund
  2087 | D:4      | Noticed Natasha
  2094 | D:4      | Killed Natasha
  2098 | D:4      | Killed Edmund
  2098 | D:4      | Reached skill level 5 in Axes
  2098 | D:4      | Reached skill level 5 in Shields
  2098 | D:4      | Reached XP level 6. HP: 36/53 MP: 5/5
  2323 | D:4      | Noticed Natasha
  2339 | D:4      | Reached * piety under Trog
  2346 | D:4      | Killed Natasha
  2372 | D:4      | Got a faintly humming leather armour
  2383 | D:4      | Identified the cursed +0 leather armour of the Devil {*Contam rF+ MR++ rCorr} (You found it on level 4 of the Dungeon)
  2413 | D:4      | Gained mutation: You are dopey. (Int -2) [mutagenic glow]
  2417 | D:4      | Reached skill level 6 in Axes
  2417 | D:4      | Reached skill level 5 in Armour
  2422 | D:4      | Found a hide-covered altar of Uskayaw.
  2424 | D:4      | Found a shattered altar of Ashenzari.
  2529 | D:4      | Reached XP level 7. HP: 60/60 MP: 6/6
  2738 | D:5      | Entered Level 5 of the Dungeon
  2745 | D:5      | Noticed cultivahabas's ghost (novice TrMo)
  2751 | D:5      | Killed cultivahabas's ghost
  2751 | D:5      | Reached skill level 7 in Axes
  2890 | D:5      | Reached skill level 5 in Fighting
  2946 | D:5      | Reached skill level 8 in Axes
  2946 | D:5      | Reached XP level 8. HP: 62/68 MP: 7/7
  2949 | D:5      | Noticed Grinder
  2956 | D:5      | Killed Grinder
  2992 | D:5      | Reached ** piety under Trog
  3000 | D:5      | Reached skill level 9 in Axes
  3139 | D:5      | Noticed Duvessa
  3139 | D:5      | Noticed Dowan
  3146 | D:5      | Killed Duvessa
  3151 | D:5      | Killed Dowan
  3252 | D:5      | Found Wydghi's Food Shoppe.
  3885 | D:6      | Reached skill level 10 in Axes
  3894 | D:6      | Found a shadowy altar of Dithmenos.
  3947 | D:6      | Reached XP level 9. HP: 69/75 MP: 8/8
  4375 | D:7      | Reached *** piety under Trog
  4417 | D:7      | Found a stormy altar of Qazlal.
  4432 | D:7      | Reached skill level 11 in Axes
  4459 | D:7      | Found an ancient bone altar of Kikubaaqudgha.
  4483 | D:7      | Found a staircase to the Ecumenical Temple.
  4797 | D:7      | Found a blossoming altar of Fedhas.
  5063 | D:8      | Noticed a two-headed ogre
  5074 | D:8      | Killed a two-headed ogre
  5074 | D:8      | Reached skill level 12 in Axes
  5290 | D:8      | Reached XP level 10. HP: 74/86 MP: 9/9
  5434 | D:8      | Noticed troglodite's ghost (novice DsBe)
  5452 | D:8      | Killed troglodite's ghost
  5453 | D:8      | Reached **** piety under Trog
  5930 | D:8      | Found a runed door.
  5930 | D:8      | Noticed a sixfirhy
  5949 | D:8      | Noticed Prince Ribbit
  6421 | D:8      | Found a staircase to the Lair.
  6484 | D:8      | Noticed a two-headed ogre
  6491 | D:8      | Killed a two-headed ogre
  6491 | D:8      | Reached skill level 13 in Axes
  6876 | D:8      | Killed Prince Ribbit
  7150 | Lair:1   | Entered Level 1 of the Lair of Beasts
  7245 | Lair:1   | Noticed a black mamba
  7247 | Lair:1   | Noticed a black mamba
  7250 | Lair:1   | Killed a black mamba
  7254 | Lair:1   | Killed a black mamba
  7446 | Lair:1   | Noticed a black mamba
  7449 | Lair:1   | Killed a black mamba
  7456 | Lair:1   | Found the +8 whip "Snakebite" {curare, rPois}
  7568 | Lair:1   | Reached XP level 11. HP: 84/95 MP: 10/10
  7624 | Lair:1   | Reached skill level 10 in Shields
  7624 | Lair:1   | Reached skill level 1 in Maces & Flails
  8570 | Lair:2   | Reached skill level 10 in Armour
  8733 | Lair:2   | Reached skill level 14 in Axes
  8988 | Lair:2   | Reached ***** piety under Trog
  9050 | Lair:2   | Got an ichor-stained spear
  9051 | Lair:2   | Identified the cursed +1 spear of Inflation {pierce, rF+} (You found it on level 2 of the Lair of Beasts)
  9347 | Lair:3   | Found a staircase to the Shoals.
  9492 | Lair:3   | Noticed an oklob plant
  9494 | Lair:3   | Noticed an oklob plant
  9496 | Lair:3   | Noticed an oklob plant
  9811 | Lair:3   | Received a gift from Trog
  9838 | Lair:3   | Reached skill level 10 in Fighting
  9848 | Lair:3   | Reached XP level 12. HP: 106/106 MP: 11/11
  9899 | Lair:3   | Reached skill level 15 in Axes
  9900 | Lair:3   | Found a staircase to the Snake Pit.
 10553 | Lair:3   | Killed from afar by an oklob plant

Skill      XL: |  1  2  3  4  5  6  7  8  9 10 11 12 |
---------------+-------------------------------------+-----
Shields        | 4 5 6 7 8 9 11 | 11.3
Fighting       | 4 5 6 7 8 10 | 10.1
Axes           | 3 4 5 6 8 10 12 13 14 15 | 15.0
Armour         | 4 5 6 7 9 10 | 10.9
Maces & Flails | 1 |  1.3

Action                   |  1- 3 |  4- 6 |  7- 9 | 10-12 || total
-------------------------+-------+-------+-------+-------++-------
Melee: War axe           |   107 |   111 |   179 |   323 ||   720
       Headbutt          |    13 |    22 |    48 |    83 ||   166
       Whip              |       |       |       |    25 ||    25
Invok: Burn Spellbooks   |       |     1 |     1 |       ||     2
  Use: Scroll            |       |     9 |     1 |     3 ||    13
       Potion            |       |       |       |     2 ||     2
  Eat: Chunk             |     1 |     6 |     2 |     9 ||    18
       Ration            |       |       |     2 |     2 ||     4
Armor: Scale mail        |    51 |     5 |       |       ||    56
       Chain mail        |       |    45 |    60 |   119 ||   224
Dodge: Dodged            |    48 |    21 |    38 |    69 ||   176
Block: Shield            |    66 |    67 |    74 |   175 ||   382
